 Dungeon Crawl Stone Soup version 0.31.0-11-ge490571c62 (webtiles) character file.

Game seed: 7058978271187086626

497 qw the Shooter (level 6, 0/30 HPs)
             Began as a Spriggan Hunter on Feb 5, 2024.
             Slain by Sigmund
             ... wielding a +8 scythe of freezing
              (2 damage)
             ... on level 4 of the Dungeon.
             The game lasted 00:01:11 (2625 turns).

qw the Shooter (Spriggan Hunter)                    Turns: 2625, Time: 00:01:11

Health: 0/30       AC:  3    Str:  7    XL:     6   Next: 93%
Magic:  7/7        EV: 21    Int: 11    God:
Gold:   157        SH:  0    Dex: 20    Spells: 5/5 levels left

rFire   . . .        a - +3 shortbow
rCold   . . .        (shield currently unavailable)
rNeg    . . .        c - +0 robe
rPois   .            (helmet restricted)
rElec   .            i - +0 cloak
rCorr   .            (gloves unavailable)
SInv    +            (boots unavailable)
Will    +....        (no amulet)
Stlth   ++           (no ring)
HPRegen 0.25/turn    (no ring)
MPRegen 0.10/turn

%: no passive effects
@: very quick
A: very small, no large weapons, unfitting armour, see invisible, speed 3
a: no special abilities


You were on level 4 of the Dungeon.
You visited 1 branch of the dungeon, and saw 4 of its levels.

You collected 157 gold pieces.


Innate Abilities, Weirdness & Mutations

You are very small and have problems with some larger weapons.
You are too small for most types of armour.
You have supernaturally acute eyesight. (SInv)
You cover ground extremely quickly. (Speed+++)


   Skills:
 - Level 2.0 Fighting
 - Level 7.0 Ranged Weapons
 + Level 6.0 Dodging
 - Level 1.5 Stealth


You had 5 spell levels left.
You didn't know any spells.
Your spell library was empty.

Inventory:

Hand Weapons
 a - a +3 shortbow (weapon)
Armour
 c - a +0 robe (worn)
 i - a +0 cloak (worn)
Wands
 g - a wand of digging (5)
 k - a wand of flame (12)
 l - a wand of paralysis (6)
Scrolls
 b - a scroll of blinking {unknown}
 e - a scroll of identify
Potions
 d - a potion of mutation
 f - 2 potions of curing
 h - a potion of resistance
 j - a potion of invisibility {unknown}

Dungeon Overview and Level Annotations

Branches:
Dungeon (4/15)
 Temple: D:4-7

Altars:
Cheibriados
Trog

Annotations:
D:4 Sigmund


Message History

Edmund is almost dead.
You shoot an arrow.
The arrow hits Edmund but does no damage.
Edmund is almost dead.
You shoot an arrow. The arrow hits Edmund.
You kill Edmund!
Your Ranged Weapons skill increases to level 7!
k - a wand of flame (12)
Things that are here:
a +2 dire flail of venom; a +2 ring mail of cold resistance; the human corpse of Edmund Sigmund the Dreaded comes into view.
He is wielding a +8 scythe of freezing.
You shoot an arrow. The arrow hits Sigmund.
Sigmund shouts!
Sigmund is lightly wounded.
You shoot an arrow. The arrow closely misses Sigmund.
Sigmund points at you and mumbles some strange words.
The puff of flame misses you.
You shoot an arrow.
The arrow hits Sigmund but does no damage.
Sigmund is lightly wounded.
Sigmund completely misses you.
You shoot an arrow. The arrow closely misses Sigmund.
Sigmund casts a spell.
Sigmund flickers and vanishes for a moment.
You shoot an arrow. The arrow hits Sigmund.
Sigmund is moderately wounded.
Sigmund completely misses you.
You shoot an arrow. The arrow hits Sigmund!
Sigmund is heavily wounded.
You shoot an arrow. The arrow closely misses Sigmund.
Sigmund misses you.
You shoot an arrow. The arrow completely misses Sigmund.
Sigmund hits you from afar with a +8 scythe of freezing!
Sigmund freezes you.
You shoot an arrow. The arrow hits Sigmund.
Sigmund is severely wounded.
Sigmund hits you from afar with a +8 scythe of freezing!
Sigmund freezes you.
You die...
Sigmund begins carving another notch in his scythe.

#.#. #.#. #############
#.#.
............####...
...................
#..#######..#########.#
#..#).........).....#.#
#..##...........#...#.#
#..#..@......#[##.###.#
#..#..######.###..#P..#
#..#.@ #~........#.P..
#..#.. #~.....#..#PP..
#..################....
#......................
#.....)..#.####........
####.#####.# #........
#....##.####.######.


You could see Sigmund (invisible).

Vanquished Creatures
  Edmund (D:4)
  A phantom (D:4)
  A scorpion (D:4)
  2 hounds (D:4)
  An iguana (D:4)
  Robin (D:3)
  5 adders
  2 dart slugs (D:2)
  2 ribbon worms (D:3)
  5 ball pythons
  8 endoplasms
  3 giant cockroaches
  15 goblins
  8 hobgoblins
  11 jackals
  2 quokkas
  6 bats
  5 frilled lizards
  8 kobolds
  3 rats
90 creatures vanquished.

Notes
Turn   | Place    | Note
-------+----------+-------------------------------------------
     0 | D:1      | qw the Spriggan Hunter began the quest for the Orb.
     0 | D:1      | Reached XP level 1. HP: 10/10 MP: 2/2
     0 | D:1      | 0 ||| qw: Version: 0.3-a-160-g6735b56
     0 | D:1      | 0 ||| qw: Game counter: 6410
     0 | D:1      | 0 ||| qw: Melee chars always use a shield: true
     0 | D:1      | 0 ||| qw: God list: Okawaru
     0 | D:1      | 0 ||| qw: Allow faded altars: false
     0 | D:1      | 0 ||| qw: Do Orc after clearing Dungeon:15 true
     0 | D:1      | 0 ||| qw: Do second Lair branch before Depths: true
     0 | D:1      | 0 ||| qw: Lair rune preference: random
     0 | D:1      | 0 ||| qw: Goals: Normal
     0 | D:1      | 0 ||| PLANNING D:1-11
     6 | D:1      | Noticed a polar bear
     6 | D:1      | Noticed a hound
     6 | D:1      | Noticed a mana viper
     7 | D:1      | Noticed a snapping turtle
     7 | D:1      | Noticed a swamp drake
    56 | D:1      | Reached skill level 3 in Dodging
   108 | D:1      | Reached XP level 2. HP: 14/14 MP: 3/3
   507 | D:1      | Reached XP level 3. HP: 17/18 MP: 4/4
   828 | D:1      | 828 ||| UPGRADING to +0 cloak.
   833 | D:1      | 833 ||| READING 2 scrolls labelled HAXIUM MUREV.
   836 | D:1      | 836 ||| READING scroll labelled DITRAQANIL.
   870 | D:1      | 870 ||| READING scroll labelled FESACHATZE.
   870 | D:1      | 870 ||| IDENTIFYING viscous black potion
   871 | D:1      | 871 ||| DRINKING 2 viscous clear potions.
   872 | D:1      | 872 ||| DROPPING scroll of butterflies.
  1018 | D:2      | Found a faded altar of an unknown god.
  1215 | D:2      | Found a bloodstained altar of Trog.
  1437 | D:2      | Reached skill level 5 in Ranged Weapons
  1604 | D:2      | 1604 ||| FLEEEEING.
  1613 | D:2      | Reached XP level 4. HP: 22/22 MP: 5/5
  1801 | D:2      | 1801 ||| READING 2 scrolls of identify.
  1801 | D:2      | 1801 ||| IDENTIFYING cyan potion
  1802 | D:2      | 1802 ||| READING scroll of identify.
  1802 | D:2      | 1802 ||| IDENTIFYING sedimented ruby potion
  1803 | D:2      | 1803 ||| READING scroll labelled KEOTAGUWNU.
  1804 | D:2      | 1804 ||| READING 2 scrolls labelled POGER AT QIUKK.
  1804 | D:2      | 1804 ||| ENCHANTING +0 shortbow.
  1805 | D:2      | 1805 ||| READING scroll of enchant weapon.
  1805 | D:2      | 1805 ||| ENCHANTING +1 shortbow.
  1854 | D:3      | Noticed Robin
  1884 | D:3      | HP: 4/23 [Robin/+0 falchion (4)]
  1885 | D:3      | 1885 ||| READING scroll of teleportation.
  1892 | D:3      | Killed Robin
  2096 | D:3      | Reached XP level 5. HP: 26/26 MP: 6/6
  2126 | D:3      | Found a snail-covered altar of Cheibriados.
  2288 | D:3      | 2288 ||| READING 4 scrolls of identify.
  2288 | D:3      | 2288 ||| IDENTIFYING black potion
  2289 | D:3      | 2289 ||| READING 3 scrolls of identify.
  2289 | D:3      | 2289 ||| IDENTIFYING bubbling amethyst potion
  2290 | D:3      | 2290 ||| READING 2 scrolls of identify.
  2290 | D:3      | 2290 ||| IDENTIFYING 2 yellow potions
  2291 | D:3      | 2291 ||| DROPPING potion of brilliance.
  2292 | D:3      | 2292 ||| DROPPING 2 potions of ambrosia.
  2293 | D:3      | 2293 ||| DROPPING potion of attraction.
  2350 | D:4      | 2350 ||| READING scroll of enchant weapon.
  2350 | D:4      | 2350 ||| ENCHANTING +2 shortbow.
  2369 | D:4      | Noticed a phantom
  2370 | D:4      | 2370 ||| DRINKING potion of haste.
  2376 | D:4      | Killed a phantom
  2377 | D:4      | Reached skill level 6 in Ranged Weapons
  2461 | D:4      | Reached XP level 6. HP: 30/30 MP: 7/7
  2542 | D:4      | Reached skill level 6 in Dodging
  2575 | D:4      | Noticed Edmund
  2576 | D:4      | 2576 ||| ZAPPING wand of paralysis (10) at 6,2 (Edmund;
                  | floor).
  2577 | D:4      | 2577 ||| ZAPPING wand of paralysis (9) at 5,1 (Edmund;
                  | floor).
  2587 | D:4      | 2587 ||| ZAPPING wand of paralysis (8) at 4,1 (Edmund;
                  | floor).
  2588 | D:4      | 2588 ||| ZAPPING wand of paralysis (7) at 3,1 (Edmund;
                  | floor).
  2597 | D:4      | Killed Edmund
  2598 | D:4      | Reached skill level 7 in Ranged Weapons
  2616 | D:4      | Noticed Sigmund
  2625 | D:4      | HP: 2/30 [Sigmund/+8 scythe of freezing (13)]
  2625 | D:4      | Slain by Sigmund

Levels and vault maps discovered:
D:1:      onia_arrival_zoo_common, layout_loops_corners, kennysheep_boxes
D:2:      minmay_razor_zed, layout_basic, basic_altar,
          hellmonk_ecumenical_altar_crossroads, grunt_ministairs_7,
          minmay_distorted
D:3:      layout_rooms, mainiacjoe_overflow_small_starburst, uniq_robin
D:4:      kennysheep_the_goblin_king, layout_loops_cross,
          gammafunk_temple_overflow_wave, chequers_mini_garden,
          sigmund_edmund_badplayer

Skill      XL: |  1  2  3  4  5  6 |
---------------+-------------------+-----
Dodging        | 3 4 5 6 |  6.0
Ranged Weapons | 5 6 7 |  7.0
Fighting       | 2 |  2.0
Stealth        | |  1.5

Action                     |  1- 3 |  4- 6 || total
---------------------------+-------+-------++-------
   Fire: Shortbow          |   127 |   156 ||   283
  Evoke: Wand              |       |     4 ||     4
    Use: Scroll            |     3 |    10 ||    13
         Potion            |     1 |     1 ||     2
 Armour: Robe              |    13 |    20 ||    33
  Dodge: Dodged            |    66 |    85 ||   151

Table legend:
 A = Non-vault XP
 B = Vault XP
 C = Vault XP percentage of total XP
 D = Non-vault monster count
 E = Vault monster count
 F = Vault count percentage of total count
                 A         B        C        D         E       F
            +---------+---------+-------+---------+---------+-------
      Total |     458 |     252 |  35.5 |      62 |      28 |  31.1
            +---------+---------+-------+---------+---------+-------
        D:1 |      45 |       0 |   0.0 |      26 |       0 |   0.0
        D:2 |      37 |      50 |  57.5 |       8 |      15 |  65.2
        D:3 |      40 |      38 |  48.7 |      12 |      12 |  50.0
        D:4 |     336 |     164 |  32.8 |      16 |       1 |   5.9
            +---------+---------+-------+---------+---------+-------
